 Dungeon Crawl Stone Soup version 0.31.0-12-g77e489cdc1 (webtiles) character file.

Game seed: 12362619378860389357

176 Doomgape the Trooper (level 5, -2/34 HPs)
             Began as a Gargoyle Fighter on Feb 21, 2024.
             Killed by divine providence
             ... invoked by an orc priest
              (15 damage)
             ... on level 3 of the Dungeon.
             The game lasted 00:03:53 (1807 turns).

Doomgape the Trooper (Gargoyle Fighter)             Turns: 1807, Time: 00:03:54

Health: -2/34      AC: 13    Str: 21    XL:     5   Next: 56%
Magic:  5/5        EV:  9    Int:  9    God:
Gold:   110        SH:  4    Dex:  9    Spells: 4/4 levels left

rFire   . . .        a - +0 flail
rCold   . . .        c - +0 buckler
rNeg    + . .        b - +0 scale mail
rPois   ∞            (no helmet)
rElec   +            (no cloak)
rCorr   .            (no gloves)
SInv    .            f - +1 pair of boots
Will    .....        (no amulet) Stlth
                     (no ring)
HPRegen 0.25/turn    (no ring)
MPRegen 0.09/turn

%: no passive effects
@: no status effects
A: sickness immunity, AC +4, negative energy resistance 1, electricity
resistance, torment resistance 1, petrification resistance
a: no special abilities


You were on level 3 of the Dungeon.
You visited 1 branch of the dungeon, and saw 3 of its levels.

You collected 110 gold pieces.

Inventory:

Hand Weapons
 a - a +0 flail (weapon)
Armour
 b - a +0 scale mail (worn)
 c - a +0 buckler (worn)
 f - a +1 pair of boots (worn)
Jewellery
 e - a ring of flight
Scrolls
 g - a scroll of revelation {unknown}
 h - a scroll of noise {unknown}
 j - a scroll of vulnerability {unknown}
 k - a scroll of poison {unknown}
 l - 3 scrolls of identify {unknown}
Potions
 d - 3 potions of might
 i - a potion of lignification {unknown}
 m - a potion of curing {unknown}
 n - a potion of haste {unknown}


   Skills:
 + Level 4.7 Fighting
 + Level 3.5 Maces & Flails
 + Level 4.6 Armour
 - Level 3.2 Shields


You had 4 spell levels left.
You didn't know any spells.
Your spell library was empty.

Dungeon Overview and Level Annotations

Branches:
Dungeon (3/15)

Altars:


Innate Abilities, Weirdness & Mutations

You are immune to sickness and miasma.
Your stone body is resilient. (AC +4)
You are immune to poison.
You resist negative energy. (rN+)
You are resistant to electric shocks. (rElec)
You are resistant to unholy torment.
You are immune to petrification.


Message History

The orc priest hits you but does no damage.
You hit the orc priest.
The orc priest is moderately wounded.
The orc priest hits you but does no damage. x2
Unknown command.
You hit the orc priest.
The orc priest is heavily wounded.
The orc priest invokes the aid of Beogh against you.
You barely resist. The orc priest hits you with a +0 mace.
The orc priest hits you but does no damage. x2
Unknown command.
You closely miss the orc priest.
The orc priest is heavily wounded.
The orc priest closely misses you.
The orc priest hits you but does no damage.
Unknown command.
You closely miss the orc priest.
The orc priest is heavily wounded.
The orc priest hits you but does no damage. x2
Unknown command.
You hit the orc priest.
The orc priest is severely wounded.
You block the orc priest's attack.
The orc priest hits you but does no damage. x3
Unknown command.
You closely miss the orc priest.
The orc priest is severely wounded.
The orc priest hits you but does no damage.
The orc priest hits you with a +0 mace.
Unknown command.
You hit the orc priest.
You kill the orc priest!
You block the orc priest's attack.
Unknown command.
You closely miss the orc priest. The orc priest hits you with a +0 mace.
You hit the orc priest.
The orc priest is moderately wounded.
The orc priest calls down the wrath of Beogh upon you.
Beogh smites you!
You die...

########.........#....# #..##.#
#......#.........#########..##.#
+......'.........+............>.
#......#.........###.#####......
#......#.........##..# ##.####
#......######.....#.## #.#...
####### #.....'.# #.#.##
#.....### #.#.#. ##)@### #.#.#.
#o## #.#.## .............#
#.#.## .......{.....# #.#.##
.............# #.#..#
$...##+#############.#### ####
#........[..... #..........####
#.............#


You could see an orc priest.

Vanquished Creatures
  2 hounds (D:3)
  An orc priest (D:3)
  A gnoll (D:3)
  2 adders
  A dart slug (D:1)
  3 orcs (D:3)
  7 bats
  8 endoplasms
  5 giant cockroaches
  5 goblins
  6 hobgoblins
  4 ball pythons
  A frilled lizard (D:2)
  2 kobolds
  2 rats
50 creatures vanquished.

Notes
Turn   | Place    | Note
-------+----------+-------------------------------------------
     0 | D:1      | Doomgape the Gargoyle Fighter began the quest for the Orb.
     0 | D:1      | Reached XP level 1. HP: 14/14 MP: 1/1
    79 | D:1      | Reached XP level 2. HP: 18/19 MP: 2/2
   369 | D:1      | Reached XP level 3. HP: 24/24 MP: 3/3
  1177 | D:2      | Reached XP level 4. HP: 29/29 MP: 4/4
  1682 | D:3      | Reached XP level 5. HP: 30/34 MP: 5/5
  1807 | D:3      | Killed from afar by an orc priest

Illustrated notes

Levels and vault maps discovered:
D:1:      lightli_arrival_isolated_outpost, layout_basic, hex_tiny
D:2:      layout_loops_cross
D:3:      layout_basic, nemelex_dance_club_becter, cheibrodos_gnoll_hut

Skill      XL: |  1  2  3  4 |
---------------+-------------+-----
Fighting       | 4 |  4.7
Armour         | 4 |  4.6
Maces & Flails | 3 |  3.5
Shields        | |  3.2

Action                     |  1- 3 |  4- 6 || total
---------------------------+-------+-------++-------
  Melee: Flail             |   134 |    69 ||   203
    Use: Scroll            |     2 |       ||     2
 Armour: Scale mail        |   115 |    57 ||   172
  Dodge: Dodged            |    90 |    35 ||   125
  Block: Buckler           |    41 |    10 ||    51
